 Dungeon Crawl Stone Soup version 0.32-a0-791-gfc315c9ecd (webtiles) character file.

Game seed: 4362526756555768648

1224 ezpacito the Chopper (level 8, 0/61 HPs)
             Began as a Coglin Chaos Knight on Mar 21, 2024.
             Was a Plaything of Xom.
             Slain by a gnoll
             ... wielding a +0 club
             ... led by a gnoll bouda
              (9 damage)
             ... on level 6 of the Dungeon.
             The game lasted 00:06:37 (4197 turns).

ezpacito the Chopper (Coglin Chaos Knight)          Turns: 4197, Time: 00:06:37

Health: 0/61       AC: 13    Str: 14    XL:     8   Next: 47%
Magic:  11/11      EV:  7    Int: 12    God:    Xom [.*....]
Gold:   258        SH:  0    Dex: 14    Spells: 10/11 levels left

rFire   + . .        a - +0 hand axe (chaos) {Seojun}
rCold   . . .        d - +0 whip (drain) {Qiu}
rNeg    . . .        m - +1 chain mail {rF+}
rPois   .            (no helmet)
rElec   .            (no cloak)
rCorr   .            o - +0 pair of gloves
SInv    .            (no boots)
Will    .....        (amulet unavailable) Stlth
                     (ring unavailable)
HPRegen 0.30/turn    (ring unavailable)
MPRegen 0.12/turn    (no gizmo)

%: no passive effects
@: lethally poisoned (0 -> -7), weakened, invisible, revved
A: off-hand wielding, slow wielding, warmup strikes, no jewellery, iridescent
scales 1, MP-powered wands
a: Invent Gizmo, Renounce Religion


You were on level 6 of the Dungeon.
You worshipped Xom.
You were a plaything of Xom.
You visited 1 branch of the dungeon, and saw 6 of its levels.

You collected 258 gold pieces.

Inventory:

Hand Weapons
 a - a +0 hand axe of chaos (weapon) {Seojun}
 b - a +3 hand axe
 d - a +0 whip of draining (offhand) {Qiu}
 s - a +0 trident
 t - a +0 war axe
Armour
 m - a +1 chain mail of fire resistance (worn)
 o - a +0 pair of gloves (worn)
Magical Staves
 x - a staff of fire
Talismans
 v - a storm talisman
Wands
 n - a wand of polymorph (8)
 q - a wand of light (12)
 w - a wand of paralysis (11)
Scrolls
 c - a scroll of butterflies
 f - 2 scrolls of noise
 h - 2 scrolls of enchant armour
 k - a scroll of immolation {unknown}
 l - 2 scrolls of revelation
 p - a scroll of enchant weapon {unknown}
 u - a scroll of acquirement {unknown}
 y - a scroll of fog
 z - a scroll of blinking {unknown}
 A - a scroll of poison {unknown}
 B - a scroll of fear {unknown}
Potions
 e - 2 potions of attraction
 g - 2 potions of brilliance
 r - 2 potions of lignification


   Skills:
 * Level 4.9 Fighting
 * Level 5.0(5.3) Axes
 + Level 2.3(3.7) Polearms
 * Level 4.1 Armour
 * Level 3.5 Dodging
 + Level 2.3 Stealth
 + Level 2.0 Spellcasting
 + Level 0.3 Necromancy
 + Level 3.1 Evocations


You had 10 spell levels left.
You knew the following spells:

 Your Spells              Type           Power      Damage    Failure   Level
a - Necrotise             Necr           4%         1d4       98%         1

Your spell library contained the following spells:

 Spells                   Type           Power      Damage    Failure   Level


Dungeon Overview and Level Annotations

Branches:
Dungeon (6/15)             Temple (0/1) D:6

Altars:
Cheibriados
Gozag
Kikubaaqudgha
Nemelex Xobeh
Sif Muna
Vehumet
Zin

Shops:
D:1 !((!(


Innate Abilities, Weirdness & Mutations

You can wield a second weapon in your off-hand.
It takes a long time for you to wield or remove held weapons.
Your first few attacks do less damage.
You cannot equip rings or amulets.
You are partially covered in iridescent scales. (AC +2)
You expend magic power (3 MP) to strengthen your wands.


Message History

The killer bee barely misses you. The killer bee stings you.
The orc misses your butterfly. The jelly hits your butterfly.
Your butterfly dies!
Your butterfly disappears in a burst of colours!
The gnoll closely misses you. The gnoll hits you with a +0 flail.
You take 7 damage, and have 23/61 hp.
You fade into invisibility!
The killer bee barely misses you. The killer bee stings you.
The gnoll bouda misses the gnoll.
The killer bee stings you but does no damage.
The gnoll closely misses your butterfly.
The gnoll hits you but does no damage.
The gnoll closely misses your butterfly.
The jelly misses your butterfly. The orc misses your butterfly.
The gnoll hits you with a +0 flail.
You take 4 damage, and have 19/61 hp.
You barely miss the gnoll bouda with your +0 whip of draining.
The gnoll bouda is heavily wounded.
You hit the gnoll bouda with your +0 hand axe of chaos.
The gnoll bouda looks as sick as possible!
You hit the gnoll with your +0 hand axe of chaos.
The gnoll appears confused.
You catch the helpless killer bee completely off-guard!
You hit the killer bee but do no damage.
You closely miss the gnoll with your +0 hand axe of chaos.
The killer bee barely misses you. The killer bee stings you.
* * * LOW HITPOINT WARNING * * *
The gnoll misses your butterfly.
The gnoll bouda hits you with a +0 club.
* * * LOW HITPOINT WARNING * * *
The killer bee stings you.
* * * LOW HITPOINT WARNING * * *
You are poisoned.
The killer bee poisons you! Something barely misses your butterfly.
The gnoll hits your butterfly with a +0 spear.
Your butterfly dies!
Your butterfly disappears in a burst of colours!
The orc barely misses your butterfly. The gnoll hits you with a +0 club!
You die...
Xom chortles!

# ## ... .## #...
..## #... #..## #.b#
##..### .b# ##...##
##b# . ##...##
###gy##bb.. ##...##
###bb@gg.....
##...###.b#bg)Jo..b.
##......####bbg.b..
##...### #b{b.b.
##..# ##.... ##.#
##.. #.# # #.#
###+##


You could see a gnoll bouda (unable to see you, extremely poisoned, ally
target), a jelly (ally target), a killer bee (fast, unable to see you, ally
target), 3 gnolls, an orc (unable to see you, ally target) and a neutral gnoll
(fast, strong, swift, frenzied, unable to see you, ally target, vitrified).

Vanquished Creatures
  Grinder (D:5)
  Sigmund (D:2)
  A water moccasin (D:4)
  A sky beast (D:6)
  A phantom (D:5)
  A bullfrog (D:5)
  A scorpion (D:5)
  A howler monkey (D:4)
  A bombardier beetle (D:4)
  2 hounds (D:4)
  An orc priest (D:6)
  Jessica (D:2)
  Terence (D:2)
  3 iguanas
  An orc wizard (D:4)
  4 adders
  A white imp (D:6)
  4 ufetubi
  5 dart slugs (D:1)
  A ribbon worm (D:3)
  9 orcs
  11 endoplasms
  4 giant cockroaches
  5 goblins
  8 hobgoblins
  9 jackals
  2 quokkas
  10 ball pythons
  11 bats
  3 frilled lizards
  9 kobolds
  6 rats
120 creatures vanquished.

Notes
Turn   | Place    | Note
-------+----------+-------------------------------------------
     0 | D:1      | ezpacito the Coglin Chaos Knight began the quest for the
                  | Orb.
     0 | D:1      | Reached XP level 1. HP: 18/18 MP: 1/1
    16 | D:1      | Found a faded altar of an unknown god.
    64 | D:1      | XOM: potion effect (haste)
   161 | D:1      | Reached skill level 1 in Dodging
   161 | D:1      | XOM: butterfly on damage
   166 | D:1      | Reached XP level 2. HP: 15/24 MP: 2/2
   242 | D:1      | Found Alodabaa's Distillery.
   247 | D:1      | Found Naghapto's Weapon Shoppe.
   289 | D:1      | Reached XP level 3. HP: 24/29 MP: 3/3
   400 | D:1      | Found Golelunt's Distillery.
   407 | D:1      | XOM: torment (16/29 hp)
   500 | D:1      | Found Heanot's Antique Weapon Emporium.
   575 | D:1      | Found Jothroer's Weapon Boutique.
   664 | D:1      | XOM: cloud trail
   874 | D:1      | XOM: give mutations
   874 | D:1      | Gained mutation: You expend magic power (3 MP) to
                  | strengthen your wands. [Xom's grace]
   874 | D:1      | Gained mutation: You are partially covered in iridescent
                  | scales. (AC +2) [Xom's grace]
   888 | D:1      | XOM: god gift: 39 gold pieces
  1085 | D:2      | Noticed Jessica
  1088 | D:2      | Killed Jessica
  1089 | D:2      | Reached XP level 4. HP: 34/35 MP: 4/4
  1173 | D:2      | Noticed Terence
  1173 | D:2      | Noticed Sigmund
  1177 | D:2      | Reached skill level 1 in Stealth
  1203 | D:2      | Killed Terence
  1204 | D:2      | Reached skill level 1 in Polearms
  1209 | D:2      | XOM: fake destruction
  1210 | D:2      | Reached XP level 5. HP: 34/41 MP: 5/5
  1211 | D:2      | Killed Sigmund
  1212 | D:2      | Reached skill level 1 in Spellcasting
  1212 | D:2      | Reached skill level 1 in Evocations
  1212 | D:2      | Reached XP level 6. HP: 40/48 MP: 5/7
  1255 | D:2      | XOM: silly message
  1661 | D:2      | XOM: silly message
  1712 | D:3      | Found a glowing silver altar of Zin.
  1892 | D:3      | Reached skill level 4 in Axes
  2113 | D:3      | XOM: give mutations
  2113 | D:3      | Gained mutation: You are mostly covered in iridescent
                  | scales. (AC +4) [Xom's mischief]
  2113 | D:3      | Lost mutation: You are mostly covered in iridescent scales.
                  | (AC +4) [Xom's mischief]
  2293 | D:3      | Found a sparkling altar of Nemelex Xobeh.
  2294 | D:3      | Found an opulent altar of Gozag.
  2460 | D:4      | XOM: swap monsters
  2531 | D:4      | Noticed a water moccasin
  2536 | D:4      | Killed a water moccasin
  2537 | D:4      | Reached XP level 7. HP: 51/54 MP: 8/8
  2609 | D:4      | XOM: noise
  2724 | D:4      | XOM: 6-stop teleportation journey
  3108 | D:4      | XOM: silly message
  3380 | D:5      | Entered Level 5 of the Dungeon
  3404 | D:5      | Noticed Grinder
  3413 | D:5      | Killed Grinder
  3414 | D:5      | Reached XP level 8. HP: 50/61 MP: 10/10
  3468 | D:5      | XOM: god gift: thick runed staff {god gift}
  3541 | D:5      | Found a snail-covered altar of Cheibriados.
  3809 | D:5      | Found a radiant altar of Vehumet.
  3813 | D:5      | Found an ancient bone altar of Kikubaaqudgha.
  3814 | D:5      | Found a shimmering blue altar of Sif Muna.
  3820 | D:5      | Got Kikubaaqudgha's Incunabulum of Cadavers
  3823 | D:5      | Learned a level 1 spell: Necrotise
  3945 | D:6      | Found a staircase to the Ecumenical Temple.
  3977 | D:6      | XOM: silly message
  4194 | D:6      | Reached skill level 5 in Axes
  4197 | D:6      | Slain by a gnoll

Illustrated notes

Levels and vault maps discovered:
D:1:      beargit_arrival_diablo_church, layout_basic, serial_shops, shop,
          nicolae_shop_waterfront, nicolae_square_shop, shop,
          nicolae_shop_just_a_little_nook, dreamdust_ecumenical_altar_statues
D:2:      layout_loops_cross, uniq_terence, uniq_sigmund, uniq_jessica
D:3:      layout_loops_ring, mainiacjoe_overflow_tiny_flanked,
          grunt_temple_overflow_opulence, serial_glass, glass_columns_a,
          glass_columns_b
D:4:      layout_cave_pods
D:5:      layout_rooms, grunt_temple_overflow_magic_moments,
          mainiacjoe_overflow_boulevard, uniq_grinder
D:6:      layout_cave_pods, ashenzari_conservatory_becter, temple_doors_e

Skill      XL: |  1  2  3  4  5  6  7  8 |
---------------+-------------------------+-----
Dodging        | 1 2 3 |  3.5
Armour         | 2 3 4 |  4.1
Stealth        | 1 2 |  2.3
Polearms       | 1 2 |  2.3
Spellcasting   | 1 2 |  2.0
Evocations     | 1 2 3 |  3.1
Axes           | 4 5 |  5.0
Fighting       | 4 |  4.9
Necromancy     | |  0.3

Action                     |  1- 3 |  4- 6 |  7- 9 || total
---------------------------+-------+-------+-------++-------
  Melee: Hand axe          |    51 |    74 |   131 ||   256
         Dagger            |    38 |       |       ||    38
         Mace              |     8 |    22 |       ||    30
         Whip              |       |    47 |   131 ||   178
    Use: Potion            |       |     4 |     1 ||     5
         Scroll            |       |       |    10 ||    10
   Stab: Sleeping          |     1 |     2 |       ||     3
         Confused          |       |       |     3 ||     3
         Invisible         |       |       |     1 ||     1
         Paralysed         |       |       |     1 ||     1
 Armour: Leather armour    |    51 |    57 |       ||   108
         Chain mail        |       |    34 |   182 ||   216
  Dodge: Dodged            |    30 |    58 |    89 ||   177

Table legend: (Time is in decaauts)
 A = Elapsed time spent in this place.
 B = Non-inter-level travel time spent in this place.
 C = Inter-level travel time spent in this place.
 D = Time resting spent in this place.
 E = Time spent auto-exploring this place.
 F = Levels seen in this place.
 G = Mean time per level.
                   A        B        C        D        E       F      G
               +--------+--------+--------+--------+--------+-----+--------+
         Total |   4194 |   3896 |    298 |     77 |   3044 |   6 |  699.0 |
       Dungeon |   4194 |   3896 |    298 |     77 |   3044 |   6 |  699.0 |
               +--------+--------+--------+--------+--------+-----+--------+

Top non-repeatable levels by time:
     D:4: 926 daAuts
     D:1: 884 daAuts
     D:3: 785 daAuts
     D:2: 781 daAuts
     D:5: 539 daAuts
     D:6: 278 daAuts
